 Dungeon Crawl Stone Soup version 0.27.1-34-g3ba077fa99 (webtiles) character file.

Game seed: 15939564634789546959

962 KrombopulosMichael the Covered (level 8, -2/61 HPs)
             Began as a Formicid Fighter on Jan 13, 2022.
             Slain by an ogre (25 damage)
             ... on level 5 of the Dungeon on Jan 14, 2022.
             The game lasted 00:10:03 (5508 turns).

KrombopulosMichael the Covered (Formicid Fighter)   Turns: 5508, Time: 00:10:04

Health: -2/61      AC:  7    Str: 21    XL:     8   Next: 37%
Magic:  8/8        EV:  9    Int:  8    God:
Gold:   140        SH: 10    Dex: 12    Spells: 7/7 levels left

rFire    . . .     SeeInvis +   a - +0 quarterstaff
rCold    . . .     Faith    .   c - +0 kite shield
rNeg     . . .     Spirit   .   b - +0 scale mail
rPois    .         Reflect  .   (helmet unavailable)
rElec    .         Harm     .   (no cloak)
rCorr    .         Rampage  .   (no gloves)
Will     .....                  (no boots)
Stlth    ..........             k - amulet of magic regeneration
HPRegen  0.20/turn              (no ring)
MPRegen  0.36/turn              (no ring)

@: no status effects
A: permanent stasis, dig shafts and tunnels, antennae 3, four strong arms
a: Dig, Shaft Self


You were on level 5 of the Dungeon.
You visited 2 branches of the dungeon, and saw 6 of its levels.
You also visited: Sewer.

You collected 140 gold pieces.

Inventory:

Hand Weapons
 a - a +0 quarterstaff (weapon)
Armour
 b - a +0 scale mail (worn)
 c - a +0 kite shield (worn)
Jewellery
 k - an amulet of magic regeneration (around neck)
Wands
 l - a wand of iceblast (7)
Scrolls
 e - a scroll of magic mapping
 j - a scroll of fog
Potions
 f - a potion of heal wounds
 h - a potion of degeneration {unknown}


   Skills:
 + Level 4.7 Fighting
 + Level 5.7 Staves
 + Level 5.9 Armour
 + Level 2.0 Dodging
 + Level 0.6 Stealth
 + Level 5.9 Shields
 + Level 0.4 Evocations


You had 7 spell levels left.
You didn't know any spells.
Your spell library was empty.

Dungeon Overview and Level Annotations

Branches:
Dungeon (5/15)             Temple (1/1) D:4           Sewer (visited)

Altars:
Ashenzari
Dithmenos
Fedhas
Gozag
Hepliaklqana
Kikubaaqudgha
Makhleb
Nemelex Xobeh
Okawaru
Qazlal
Sif Muna
Uskayaw
Wu Jian
Yredelemnul
Zin
The Shining One


Innate Abilities, Weirdness & Mutations

You cannot be hasted, slowed, berserked, paralysed or teleported.
You can dig through walls and to a lower floor.
You have a pair of large antennae on your head. (SInv)
Your four strong arms can wield two-handed weapons with a shield.


Message History

The hound zombie barely misses you. The hound zombie bites you.
There is a stone staircase leading up here.
The hound zombie bites you but does no damage.
You climb upwards.
There is a stone staircase leading down here.
No target in view!
No target in view!
No target in view!
You start resting.
HP restored.
There is a stone staircase leading down here.
You climb downwards.
Found a robe.
There is a stone staircase leading up here.
You sense a monster nearby.
An ogre comes into view. It is wielding a +0 giant spiked club.
The ogre shouts!
The ogre hits you with a +0 giant spiked club!
You barely miss the ogre. The ogre misses you.
You barely miss the ogre. You block the ogre's attack.
You thump the ogre!
The ogre is heavily wounded.
You block the ogre's attack.
You hit the ogre but do no damage.
The ogre is heavily wounded.
An iguana comes into view.
The ogre hits you with a +0 giant spiked club!!
The iguana hisses angrily.
You are too injured to fight recklessly!
You are too injured to fight recklessly!
You are too injured to fight recklessly!
You are too injured to fight recklessly!
You are too injured to fight recklessly!
You are too injured to fight recklessly!
You are too injured to fight recklessly!
You barely miss the ogre.
The ogre is heavily wounded.
The ogre hits you with a +0 giant spiked club!!
You die...

#.........# ..
###...<.# ......
#....#l.#+#......
####....#...........
#.......#...........
#.......#.^.........
#..........[........
#.......#.#.........
#.......#...@O......
#.......######......
#.......# ##...
#.......# .
#........ #########


You could see an ogre and an iguana.

Vanquished Creatures
  Purgy (Sewer)
  2 black bears (D:4)
  An ogre (D:5)
  A phantom (D:4)
  A scorpion (D:5)
  An orc priest (D:3)
  A hound (D:4)
  2 bullfrog skeletons
  A centaur skeleton (D:2)
  An iguana (D:4)
  Natasha (twice) (D:2)
  An orc wizard (D:3)
  7 adders
  4 river rats (D:3)
  7 worms
  2 dart slugs
  6 orcs (D:3)
  5 bats
  12 endoplasms
  3 giant cockroaches
  8 goblins
  6 hobgoblins
  5 quokkas
  14 ball pythons
  5 frilled lizards
  4 kobolds
  10 rats
113 creatures vanquished.

Notes
Turn   | Place    | Note
-------+----------+-------------------------------------------
     0 | D:1      | KrombopulosMichael the Formicid Fighter began the quest for
                  | the Orb.
     0 | D:1      | Reached XP level 1. HP: 18/18 MP: 1/1
   212 | D:1      | Reached XP level 2. HP: 24/24 MP: 2/2
   538 | D:1      | Reached XP level 3. HP: 14/29 MP: 3/3
  1689 | D:2      | Reached XP level 4. HP: 24/36 MP: 4/4
  2351 | D:2      | Reached XP level 5. HP: 42/42 MP: 5/5
  2416 | D:2      | Noticed Natasha
  2425 | D:2      | Killed Natasha
  2563 | D:2      | Noticed Natasha
  2572 | D:2      | Killed Natasha
  2600 | D:3      | Found a glowing drain.
  2629 | Sewer    | Entered a sewer
  2887 | Sewer    | Reached XP level 6. HP: 46/48 MP: 6/6
  2925 | Sewer    | Noticed Purgy
  3004 | Sewer    | Killed Purgy
  3005 | Sewer    | Reached skill level 5 in Shields
  3350 | D:3      | Reached skill level 5 in Armour
  3495 | D:3      | Reached skill level 1 in Dodging
  4041 | D:3      | Reached XP level 7. HP: 54/54 MP: 7/7
  4276 | D:4      | Found a staircase to the Ecumenical Temple.
  4446 | D:4      | Reached skill level 5 in Staves
  4722 | D:4      | Reached XP level 8. HP: 61/61 MP: 8/8
  4977 | D:5      | Entered Level 5 of the Dungeon
  5024 | Temple   | Entered the Ecumenical Temple
  5508 | D:5      | Slain by an ogre

Illustrated notes

Levels and vault maps discovered:
D:1:      nzn_arrival_water_spiral, layout_basic, item_on_display_a
D:2:      layout_loops_corners, minmay_diced_spiral, uniq_natasha
D:3:      layout_basic, portal_sewer_entry_b, dk_noncrumbling_3,
          chequers_serial_rivers_room_a, guppyfry_early_lair_pool
D:4:      layout_basic, minmay_temple_entry_wispy
D:5:      layout_basic, ebering_ghost_disaster_area, kennysheep_generic_room_13
Temple:   eino_temple_scatter_basement

Skill      XL: |  1  2  3  4  5  6  7  8 |
---------------+-------------------------+-----
Shields        | 4 5 |  5.9
Staves         | 3 4 5 |  5.7
Armour         | 4 5 |  5.9
Fighting       | 4 |  4.7
Dodging        | 1 2 |  2.0
Stealth        | |  0.6
Evocations     | |  0.4

Action                   |  1- 3 |  4- 6 |  7- 9 || total
-------------------------+-------+-------+-------++-------
Melee: Quarterstaff      |   112 |   235 |    69 ||   416
 Abil: Dig               |       |    10 |     3 ||    13
Evoke: Wand              |       |       |     3 ||     3
  Use: Potion            |       |     9 |     2 ||    11
       Scroll            |       |     7 |     1 ||     8
 Stab: Distracted        |       |     1 |       ||     1
Armor: Scale mail        |    47 |   118 |    19 ||   184
       Skin              |       |    18 |     2 ||    20
Dodge: Dodged            |    29 |    93 |    23 ||   145
Block: Kite shield       |    43 |   145 |    38 ||   226
